 Dungeon Crawl Stone Soup version 0.30-a0-852-g08b95dd62f (webtiles) character file.

Game seed: 615375698118532395

2909 Darius099 the Grappler (level 9, -5/80 HPs)
             Began as a Troll Monk on Mar 4, 2023.
             Slain by a yak (13 damage)
             ... on level 7 of the Dungeon.
             The game lasted 00:07:34 (5402 turns).

Darius099 the Grappler (Troll Monk)                 Turns: 5402, Time: 00:07:34

Health: -5/80      AC:  4    Str: 27    XL:     9   Next: 49%
Magic:  8/8        EV: 10    Int:  6    God:
Gold:   325        SH:  0    Dex: 16    Spells: 8/8 levels left

rFire   . . .      SeeInvis .      - Unarmed
rCold   . . .      Faith    .    (no shield)
rNeg    . . .      Spirit   .    h - +0 robe
rPois   .          Reflect  .    (helmet restricted)
rElec   .          Rampage  .    (no cloak)
rCorr   .                        (gloves unavailable)
Will    .....                    (boots unavailable)
Stlth   ++                       (no amulet)
HPRegen 1.13/turn                c - +6 ring of strength
MPRegen 0.11/turn                (no ring)

@: no status effects
A: large, unfitting armour, claws 3, regeneration 1, shaggy fur 1, tough skin 1
a: no special abilities


You were on level 7 of the Dungeon.
You visited 2 branches of the dungeon, and saw 8 of its levels.

You collected 325 gold pieces.

Inventory:

Armour
 h - a +0 robe (worn)
Jewellery
 c - a +6 ring of strength (left claw)
 n - a ring of fire
 A - a +6 ring of dexterity
Wands
 p - a wand of paralysis (2)
 s - a wand of flame (30)
 w - a wand of iceblast (16)
Scrolls
 a - 3 scrolls of teleportation {unknown}
 d - 3 scrolls of blinking {unknown}
 g - 5 scrolls of identify {unknown}
 i - 2 scrolls of immolation {unknown}
 j - 2 scrolls of enchant weapon {unknown}
 m - a scroll of magic mapping {unknown}
 t - 2 scrolls of fear {unknown}
 u - a scroll of amnesia {unknown}
 x - a scroll of silence {unknown}
 y - a scroll of vulnerability {unknown}
Potions
 b - 2 potions of ambrosia
 e - 2 potions of brilliance {unknown}
 f - a potion of heal wounds {unknown}
 k - a potion of degeneration {unknown}
 l - a potion of resistance {unknown}
 o - a potion of lignification {unknown}
 q - a potion of might {unknown}
 r - 3 potions of curing {unknown}
 v - a potion of mutation {unknown}
 z - 3 potions of haste {unknown}


   Skills:
 - Level 2.4 Fighting
 - Level 2.4 Dodging
 - Level 1.0 Stealth
 + Level 13.4 Unarmed Combat


You had 8 spell levels left.
You didn't know any spells.
Your spell library contained the following spells:

 Spells                   Type           Power      Damage    Failure   Level
 Beastly Appendage        Tmut           0%         N/A       45%         1
 Ensorcelled Hibernation  Hex/Ice        0%         N/A       58%         2
 Wereblood                Tmut           0%         N/A       58%         2
 Spider Form              Tmut/Pois      0%         N/A       83%         3
 Anguish                  Hex/Necr       0%         N/A       99%         4


Dungeon Overview and Level Annotations

Branches:
Dungeon (7/15)             Temple (1/1) D:7

Altars:
Ashenzari
Cheibriados
Elyvilon
Gozag
Hepliaklqana
Kikubaaqudgha
Makhleb
Nemelex Xobeh
Okawaru
Qazlal
Ru
Sif Muna
Wu Jian
Yredelemnul
Zin

Shops:
D:5 (   D:6 (

Annotations:
D:7 2 runed translucent doors


Innate Abilities, Weirdness & Mutations

You are too large for most types of armour.
You have claws for hands.
Your natural rate of healing is unusually fast.
You are covered in fur. (AC +1)
You have tough skin. (AC +1)


Message History

The yak is almost dead.
The yak barely misses you.
You mangle the yak!!
You kill the yak!
You scratch the yak.
The yak is lightly wounded.
You mangle the yak!!
The yak is severely wounded.
The yak closely misses you.
You barely miss the yak.
The yak is severely wounded.
The yak gores you!
You claw the yak!
You kill the yak!
The yak gores you! The yak gores you.
You claw the yak! Your claw misses the yak.
The yak is moderately wounded.
The yak gores you. The yak barely misses you.
You barely miss the yak.
The yak is moderately wounded.
The yak barely misses you. The yak gores you!
You are too injured to fight recklessly!
You are too injured to fight recklessly!
You are too injured to fight recklessly!
You are too injured to fight recklessly!
The yak attacks as you move away! The yak gores you!
You barely miss the yak.
The yak is moderately wounded.
The yak gores you!
* * * LOW HITPOINT WARNING * * *
You barely miss the yak.
The yak is moderately wounded.
You claw the yak!
The yak is heavily wounded.
The yak gores you!
* * * LOW HITPOINT WARNING * * *
You claw the yak!
The yak is almost dead.
The yak gores you!
You die...

#........#....
#........#....
#........#....
##########.... #....
####### ##....
..............
###########..............
#.......@YY(.............
#.#########..............
#.#######################
#........................
#...#..#..#..#..#..#..#..
#........................
#...#..#..#..#..#..#..#..
#[.......................
#########################


You could see 2 yaks.

Vanquished Creatures
  Pikel (D:6)
  Eustachio (D:4)
  2 yaks (D:7)
  2 water moccasins
  2 sky beasts (D:6)
  3 black bears
  An ogre (D:5)
  A centaur (D:7)
  2 lemures (D:6)
  A kobold brigand (D:7)
  2 bullfrogs (D:7)
  4 wights (D:7)
  2 howler monkeys
  2 orc priests
  2 hounds
  2 iguanas
  A jelly (D:6)
  2 sleepcaps (D:5)
  5 orc wizards
  A gnoll (D:6)
  8 adders
  13 river rats (D:5)
  A shadow imp (D:7)
  A white imp (D:7)
  3 worms
  The ghost of loam the Sneak, a weakling DsDe (D:5)
  3 dart slugs
  16 orcs
  5 ball pythons
  3 bats (D:1)
  8 endoplasms
  5 giant cockroaches
  5 hobgoblins
  4 jackals (D:4)
  13 kobolds
  8 quokkas
  2 frilled lizards (D:2)
  9 goblins
  19 rats
166 creatures vanquished.

Notes
Turn   | Place    | Note
-------+----------+-------------------------------------------
     0 | D:1      | Darius099 the Troll Monk began the quest for the Orb.
     0 | D:1      | Reached XP level 1. HP: 22/22 MP: 0/0
   239 | D:1      | Reached XP level 2. HP: 29/29 MP: 1/1
   804 | D:2      | Reached skill level 4 in Unarmed Combat
   804 | D:2      | Found a faded altar of an unknown god.
   825 | D:2      | Reached XP level 3. HP: 32/36 MP: 2/2
  1738 | D:3      | Reached XP level 4. HP: 44/44 MP: 3/3
  1816 | D:3      | Reached skill level 5 in Unarmed Combat
  2069 | D:3      | Found a stormy altar of Qazlal.
  2488 | D:4      | Reached XP level 5. HP: 13/50 MP: 4/4
  2538 | D:4      | Reached skill level 6 in Unarmed Combat
  2544 | D:4      | Noticed Eustachio
  2575 | D:4      | Killed Eustachio
  2576 | D:4      | Reached skill level 7 in Unarmed Combat
  2576 | D:4      | Reached XP level 6. HP: 49/59 MP: 5/5
  2904 | D:4      | Found a burning altar of Makhleb.
  3056 | D:5      | Entered Level 5 of the Dungeon
  3068 | D:5      | Noticed a water moccasin
  3083 | D:5      | Killed a water moccasin
  3084 | D:5      | Reached skill level 8 in Unarmed Combat
  3084 | D:5      | Reached XP level 7. HP: 35/66 MP: 6/6
  3148 | D:5      | Found a runed translucent door.
  3213 | D:5      | Noticed loam's ghost (weakling DsDe)
  3220 | D:5      | Killed loam's ghost
  3230 | D:5      | Found a runed translucent door.
  3401 | D:5      | Found a hazy altar of Hepliaklqana.
  3568 | D:5      | Reached skill level 9 in Unarmed Combat
  3772 | D:5      | Found Dylato's Antique Weapon Shop.
  3903 | D:6      | Noticed Pikel
  3914 | D:6      | Killed Pikel
  3915 | D:6      | Reached skill level 10 in Unarmed Combat
  3915 | D:6      | Reached XP level 8. HP: 43/74 MP: 7/7
  3991 | D:6      | Reached skill level 11 in Unarmed Combat
  4355 | D:6      | Found an iron altar of Okawaru.
  4390 | D:6      | Found Bieliugasa's Weapon Shoppe.
  4415 | D:6      | Reached skill level 12 in Unarmed Combat
  4444 | D:6      | Found an ornate altar of the Wu Jian Council.
  4611 | D:7      | Reached XP level 9. HP: 75/80 MP: 8/8
  4661 | D:7      | Identified the amulet "Gomint" {Faith Int+3}
  4972 | D:7      | Found a staircase to the Ecumenical Temple.
  4988 | Temple   | Entered the Ecumenical Temple
  4988 | Temple   | Found a transporter.
  4988 | Temple   | Found a transporter.
  4990 | Temple   | Found a transporter.
  4990 | Temple   | Found a transporter.
  5099 | D:7      | Found a large runed translucent door.
  5099 | D:7      | Found a large runed translucent door.
  5182 | D:7      | Reached skill level 13 in Unarmed Combat
  5285 | D:7      | Found an ancient bone altar of Kikubaaqudgha.
  5402 | D:7      | Slain by a yak

Illustrated notes

Levels and vault maps discovered:
D:1:      lemuel_arrival_river_passageway, layout_loops_ring
D:2:      layout_basic, hellmonk_ecumenical_altar_arch_garden, st_stairs_14,
          bh_walls_and_bars
D:3:      layout_loops_ring, general_overflow_altar
D:4:      layout_basic, lightli_temple_of_fire, uniq_eustachio
D:5:      lemuel_ratsnest, layout_gridville, nicolae_hepliaklqana_hippocampus,
          ebering_ghost_sewer_f, serial_shops, nicolae_shop_window_shopping
D:6:      layout_loops_cross, pdpol_wu_jian_five_deadly_venoms,
          okawaru_altar_gauntlet_db, serial_shops, nicolae_shop_crystal,
          hangedman_decor_slide_cut, uniq_pikel
D:7:      layout_basic, kennysheep_mini_moat, jmf_multi_god_temple2,
          minmay_temple_entry_trees, columned_hall_lemuel
Temple:   hellmonk_temple_divided_pantheon

Skill      XL: |  1  2  3  4  5  6  7  8  9 |
---------------+----------------------------+-----
Unarmed Combat | 4 5 7 8 10 12 13 | 13.4
Fighting       | |  2.4
Dodging        | |  2.4
Stealth        | |  1.0

Action                     |  1- 3 |  4- 6 |  7- 9 || total
---------------------------+-------+-------+-------++-------
  Melee: Unarmed           |   107 |    89 |   233 ||   429
         Punch             |     2 |     4 |     9 ||    15
   Stab: Sleeping          |     4 |     1 |     2 ||     7
 Armour: Robe              |    31 |    32 |    73 ||   136
  Dodge: Dodged            |    41 |    43 |   123 ||   207

Table legend: (Time is in decaauts)
 A = Elapsed time spent in this place.
 B = Non-inter-level travel time spent in this place.
 C = Inter-level travel time spent in this place.
 D = Time resting spent in this place.
 E = Time spent auto-exploring this place.
 F = Levels seen in this place.
 G = Mean time per level.
                   A        B        C        D        E       F      G
               +--------+--------+--------+--------+--------+-----+--------+
         Total |   5336 |   5172 |    164 |    276 |   3799 |   8 |  667.0 |
       Dungeon |   5297 |   5133 |    164 |    276 |   3793 |   7 |  756.7 |
        Temple |     38 |     38 |      0 |      0 |      6 |   1 |   38.0 |
               +--------+--------+--------+--------+--------+-----+--------+

Top non-repeatable levels by time:
     D:2: 848 daAuts
     D:5: 802 daAuts
     D:1: 791 daAuts
     D:7: 739 daAuts
     D:4: 731 daAuts
     D:6: 717 daAuts
     D:3: 667 daAuts
  Temple: 38 daAuts
